Avalanche vs Blues

Created - October 10 2009 at 12:15

Simulating a Pre-Season

Goals
1 2 3 T
Avalanche 1 0 0 1
Blues 0 0 0 0
Shots
1 2 3 T
Avalanche 11 4 4 19
Blues 4 4 7 15

Period #1

1. Avalanche , Daniel Alfredsson 2 (Cory Murphy, Joe Sakic) at 16:24 (PP)

Penalties :
Robyn Regehr (STL) for Roughing (Minor) at 1:13, Dion Phaneuf (STL) for Hooking (Minor) at 1:52, Owen Nolan (COL) for Hooking (Minor) at 6:22, Dion Phaneuf (STL) for Boarding (Minor) at 12:36, Owen Nolan (COL) for Hooking (Minor) at 12:36, Dion Phaneuf (STL) for Interference (Minor) at 15:06, Milan Jurcina (STL) for High sticking (Minor) at 17:29

Period #2

No Goal

Penalties :
Brian Pothier (STL) for Hooking (Minor) at 1:28, Dion Phaneuf (STL) for Cross-checking (Minor) at 15:35, Chris Kunitz (STL) for Hooking (Minor) at 18:56, T.J. Oshie (COL) for Hooking (Minor) at 18:56

Period #3

No Goal

Penalties :
Chris Kunitz (STL) for High sticking (Minor) at 1:26, Kyle Quincey (COL) for Hooking (Minor) at 4:34, Kyle Quincey (COL) for Hooking (Minor) at 7:43, Hal Gill (STL) for Roughing (Minor) at 13:33, Marek Svatos (STL) for Hooking (Minor) at 18:09

Goalie Stats

Steve Mason (COL), 15 saves from 15 shots - (1.000), W, 3-2-1, 60:00 minutes
Jonathan Quick (STL), 18 saves from 19 shots - (0.947), L, 3-2-0, 60:00 minutes

Players Stats

Avalanche
Player Name              G  A  P  +/- PIM S  H  SB FO    MP 
------------------------------------------------------------
Brian Lee                0  0  0   0  0   0  0  0  0/0   4  
Chris Drury              0  0  0   0  0   0  0  0  11/20 23 
Cory Murphy              0  1  1   0  0   0  0  0  0/0   8  
Curtis Glencross         0  0  0   0  0   1  1  0  0/0   13 
Daniel Alfredsson        1  0  1   0  0   2  3  0  1/2   21 
Daniel Briere            0  0  0   0  0   2  0  0  0/1   20 
Drew Stafford            0  0  0   0  0   1  0  0  0/0   14 
Jeff Finger              0  0  0   0  0   0  1  1  0/0   20 
Joe Corvo                0  0  0   0  0   2  0  2  0/0   25 
Joe Sakic                0  1  1   0  0   1  0  0  12/27 19 
Jordan Staal             0  0  0   0  0   4  0  0  5/12  17 
Kyle Quincey             0  0  0   0  4   0  1  0  0/0   21 
Owen Nolan               0  0  0   0  4   2  0  0  2/3   17 
Petr Sykora              0  0  0   0  0   0  0  0  0/0   11 
Steve Staios             0  0  0   0  0   1  1  0  0/0   18 
T.J. Oshie               0  0  0   0  2   3  1  0  0/0   17 
Tim Gleason              0  0  0   0  0   0  3  0  0/0   19 
Wojtek Wolski            0  0  0   0  0   0  0  0  3/5   5  
Blues
Player Name              G  A  P  +/- PIM S  H  SB FO    MP 
------------------------------------------------------------
Brian Pothier            0  0  0   0  2   0  0  0  0/0   14 
Brian Willsie            0  0  0   0  0   0  0  0  2/2   8  
Chris Kunitz             0  0  0   0  4   0  2  1  0/1   17 
Daymond Langkow          0  0  0   0  0   0  0  1  4/8   14 
Dion Phaneuf             0  0  0   0  8   2  0  2  0/0   22 
Hal Gill                 0  0  0   0  2   1  1  0  0/0   18 
Jarome Iginla            0  0  0   0  0   3  0  0  1/3   20 
Jerred Smithson          0  0  0   0  0   0  0  0  3/5   9  
Jussi Jokinen            0  0  0   0  0   3  1  1  1/1   10 
Kristian Huselius        0  0  0   0  0   0  0  0  1/2   15 
Marek Svatos             0  0  0   0  2   0  0  0  0/0   12 
Matthew Lombardi         0  0  0   0  0   4  0  0  12/20 20 
Mike Comrie              0  0  0   0  0   2  0  0  0/1   11 
Milan Jurcina            0  0  0   0  2   0  4  0  0/0   17 
Robyn Regehr             0  0  0   0  2   0  3  1  0/0   21 
Saku Koivu               0  0  0   0  0   0  0  0  11/25 19 
Scott Niedermayer        0  0  0   0  0   0  0  1  0/0   24 
Stephane Yelle           0  0  0   0  0   0  0  1  1/2   10 

3 Stars

1 - Steve Mason (COL)
2 - Jonathan Quick (STL)
3 - Daniel Alfredsson (COL)

Power Play

Avalanche - 1 on 9 Attempt(s) - 11.11%
Blues - 0 on 3 Attempt(s) - 0.00%

Penalty Kill

Avalanche - 3 on 3 Attempt(s) - 100.00% - Score 0 goal in Penalty Kill
Blues - 8 on 9 Attempt(s) - 88.89% - Score 0 goal in Penalty Kill

Game Notes

The goal is going for a video replay. The goal is refused.

Play by Play

Period #1

0:01 of 1st period - Joe Sakic wins face-off versus Saku Koivu in neutral zone.
0:26 of 1st period - Shot by Owen Nolan.
0:26 of 1st period - Stopped by Jonathan Quick with a rebound.
0:28 of 1st period - Shot by Tim Gleason.
0:28 of 1st period - Shot Misses the Net.
0:32 of 1st period - Shot by Joe Sakic.
0:32 of 1st period - Deflect By Owen Nolan.
0:32 of 1st period - Stopped by Jonathan Quick without a rebound.
0:33 of 1st period - Daymond Langkow wins face-off versus Daniel Briere in Blues zone.
0:38 of 1st period - Shot by Daniel Briere.
0:38 of 1st period - Shot Misses the Net.
0:42 of 1st period - Shot by Daniel Alfredsson.
0:42 of 1st period - Shot Misses the Net.
1:11 of 1st period - Daniel Briere is hit by Robyn Regehr.
1:13 of 1st period - Shot by Jordan Staal.
1:13 of 1st period - Stopped by Jonathan Quick without a rebound.
1:13 of 1st period - Minor Penalty to Robyn Regehr for Roughing.
1:14 of 1st period - Joe Sakic wins face-off versus Saku Koivu in Blues zone.
1:15 of 1st period - Shot by Cory Murphy.
1:15 of 1st period - Shot Hit the Post.
1:17 of 1st period - Shot by Daniel Alfredsson.
1:17 of 1st period - Shot Misses the Net.
1:21 of 1st period - Shot by Daniel Briere.
1:21 of 1st period - Shot Misses the Net.
1:23 of 1st period - Shot by Joe Sakic.
1:23 of 1st period - Stopped by Jonathan Quick without a rebound.
1:24 of 1st period - Chris Drury wins face-off versus Saku Koivu in Blues zone.
1:37 of 1st period - Shot by Jeff Finger.
1:37 of 1st period - Shot Blocked by Dion Phaneuf.
1:52 of 1st period - Minor Penalty to Dion Phaneuf for Hooking.
1:53 of 1st period - Joe Sakic wins face-off versus Daymond Langkow in Blues zone.
2:02 of 1st period - Shot by Daniel Briere.
2:02 of 1st period - Shot Misses the Net.
2:08 of 1st period - Shot by Daniel Briere.
2:08 of 1st period - Stopped by Jonathan Quick without a rebound.
2:09 of 1st period - Daymond Langkow wins face-off versus Joe Sakic in Blues zone.
2:30 of 1st period - Off-side.
2:31 of 1st period - Chris Drury wins face-off versus Saku Koivu in neutral zone.
2:40 of 1st period - Icing by Jeff Finger.
2:41 of 1st period - Owen Nolan wins face-off versus Daymond Langkow in Avalanche zone.
3:09 of 1st period - Milan Jurcina is hit by Daniel Alfredsson and loses puck.
3:24 of 1st period - Robyn Regehr is hit by Daniel Alfredsson and loses puck.
3:31 of 1st period - Shot by Joe Sakic.
3:31 of 1st period - Shot Misses the Net.
3:33 of 1st period - Shot by Joe Corvo.
3:33 of 1st period - Stopped by Jonathan Quick without a rebound.
3:34 of 1st period - Matthew Lombardi wins face-off versus Chris Drury in Blues zone.
4:48 of 1st period - Shot by Drew Stafford.
4:48 of 1st period - Stopped by Jonathan Quick with a rebound.
5:03 of 1st period - Icing by Kyle Quincey.
5:04 of 1st period - Chris Drury wins face-off versus Mike Comrie in Avalanche zone.
5:09 of 1st period - Shot by Matthew Lombardi.
5:09 of 1st period - Stopped by Steve Mason without a rebound.
5:10 of 1st period - Matthew Lombardi wins face-off versus Joe Sakic in Avalanche zone.
5:14 of 1st period - Mike Comrie is hit by Tim Gleason and loses puck.
5:35 of 1st period - Shot by Jussi Jokinen.
5:35 of 1st period - Stopped by Steve Mason with a rebound.
5:37 of 1st period - Shot by Hal Gill.
5:37 of 1st period - Shot Blocked by Joe Corvo.
5:39 of 1st period - Shot by Jussi Jokinen.
5:39 of 1st period - Shot Misses the Net.
5:41 of 1st period - Shot by Jussi Jokinen.
5:41 of 1st period - The goal is going for a video replay.
5:41 of 1st period - The goal is refused.
5:42 of 1st period - Jordan Staal wins face-off versus Saku Koivu in Avalanche zone.
6:22 of 1st period - Minor Penalty to Owen Nolan for Hooking.
6:23 of 1st period - Matthew Lombardi wins face-off versus Jordan Staal in Avalanche zone.
8:29 of 1st period - Petr Sykora is hit by Jussi Jokinen and loses puck.
9:43 of 1st period - Icing by Dion Phaneuf.
9:44 of 1st period - Stephane Yelle wins face-off versus Wojtek Wolski in Blues zone.
10:00 of 1st period - Icing by Chris Kunitz.
10:01 of 1st period - Jordan Staal wins face-off versus Daymond Langkow in Blues zone.
10:04 of 1st period - Shot by Curtis Glencross.
10:04 of 1st period - Stopped by Jonathan Quick without a rebound.
10:05 of 1st period - Matthew Lombardi wins face-off versus Joe Sakic in Blues zone.
11:12 of 1st period - Shot by Curtis Glencross.
11:12 of 1st period - Shot Misses the Net.
11:42 of 1st period - Petr Sykora is hit by Robyn Regehr and loses puck.
12:17 of 1st period - Off-side.
12:18 of 1st period - Brian Willsie wins face-off versus Owen Nolan in neutral zone.
12:36 of 1st period - Minor Penalty to Dion Phaneuf for Boarding.
12:36 of 1st period - Minor Penalty to Owen Nolan for Hooking.
12:37 of 1st period - Jordan Staal wins face-off versus Jarome Iginla in Blues zone.
12:58 of 1st period - Shot by Jordan Staal.
12:58 of 1st period - Shot Misses the Net.
14:14 of 1st period - Off-side.
14:15 of 1st period - Joe Sakic wins face-off versus Saku Koivu in neutral zone.
15:06 of 1st period - Minor Penalty to Dion Phaneuf for Interference.
15:07 of 1st period - Jarome Iginla wins face-off versus Joe Sakic in Blues zone.
15:07 of 1st period - Jarome Iginla is hit by Daniel Alfredsson.
15:53 of 1st period - Shot by T.J. Oshie.
15:53 of 1st period - Stopped by Jonathan Quick without a rebound.
15:54 of 1st period - Saku Koivu wins face-off versus Chris Drury in Blues zone.
16:03 of 1st period - Saku Koivu is hit by T.J. Oshie and loses puck.
16:08 of 1st period - Shot by Joe Corvo.
16:08 of 1st period - Stopped by Jonathan Quick without a rebound.
16:09 of 1st period - Matthew Lombardi wins face-off versus Joe Sakic in Blues zone.
16:24 of 1st period - Shot by Daniel Alfredsson.
16:24 of 1st period - Goal by Daniel Alfredsson - Avalanche : 1 - Blues : 0.
16:25 of 1st period - Brian Willsie wins face-off versus Chris Drury in neutral zone.
17:28 of 1st period - Off-side.
17:29 of 1st period - Owen Nolan wins face-off versus Matthew Lombardi in neutral zone.
17:29 of 1st period - Minor Penalty to Milan Jurcina for High sticking.
17:30 of 1st period - Saku Koivu wins face-off versus Joe Sakic in Blues zone.
17:39 of 1st period - Shot by Saku Koivu.
17:39 of 1st period - Deflect By Jarome Iginla.
17:39 of 1st period - Stopped by Steve Mason without a rebound.
17:40 of 1st period - Matthew Lombardi wins face-off versus Joe Sakic in Avalanche zone.
18:19 of 1st period - Icing by Joe Sakic.
18:20 of 1st period - Joe Sakic wins face-off versus Saku Koivu in Avalanche zone.
19:50 of 1st period - Scott Niedermayer is hit by Kyle Quincey and loses puck.

Period #2

0:01 of 2nd period - Joe Sakic wins face-off versus Saku Koivu in neutral zone.
0:34 of 2nd period - Shot by Kristian Huselius.
0:34 of 2nd period - Shot Misses the Net.
1:27 of 2nd period - Icing by Brian Pothier.
1:28 of 2nd period - Chris Drury wins face-off versus Daymond Langkow in Blues zone.
1:28 of 2nd period - Minor Penalty to Brian Pothier for Hooking.
1:29 of 2nd period - Joe Sakic wins face-off versus Matthew Lombardi in Blues zone.
1:58 of 2nd period - Shot by Daniel Briere.
1:58 of 2nd period - Shot Misses the Net.
3:39 of 2nd period - Shot by Chris Drury.
3:39 of 2nd period - Shot Blocked by Daymond Langkow.
4:16 of 2nd period - Off-side.
4:17 of 2nd period - Wojtek Wolski wins face-off versus Saku Koivu in neutral zone.
5:33 of 2nd period - Icing by Jarome Iginla.
5:34 of 2nd period - Chris Drury wins face-off versus Saku Koivu in Blues zone.
5:53 of 2nd period - Shot by Chris Drury.
5:53 of 2nd period - Shot Blocked by Scott Niedermayer.
5:55 of 2nd period - Shot by Petr Sykora.
5:55 of 2nd period - Shot Blocked by Dion Phaneuf.
6:12 of 2nd period - Icing by Dion Phaneuf.
6:13 of 2nd period - Saku Koivu wins face-off versus Joe Sakic in Blues zone.
6:23 of 2nd period - Icing by Joe Corvo.
6:24 of 2nd period - Matthew Lombardi wins face-off versus Joe Sakic in Avalanche zone.
8:43 of 2nd period - Shot by Jussi Jokinen.
8:43 of 2nd period - Shot Blocked by Jeff Finger.
9:07 of 2nd period - Shot by Daniel Briere.
9:07 of 2nd period - Deflect By Daniel Alfredsson.
9:07 of 2nd period - Shot Blocked by Jussi Jokinen.
9:11 of 2nd period - Shot by Daniel Alfredsson.
9:11 of 2nd period - Stopped by Jonathan Quick without a rebound.
9:12 of 2nd period - Wojtek Wolski wins face-off versus Stephane Yelle in Blues zone.
10:43 of 2nd period - Matthew Lombardi is hit by Tim Gleason and loses puck.
10:54 of 2nd period - Shot by Matthew Lombardi.
10:54 of 2nd period - Stopped by Steve Mason with a rebound.
10:56 of 2nd period - Shot by Hal Gill.
10:56 of 2nd period - Stopped by Steve Mason without a rebound.
10:57 of 2nd period - Daymond Langkow wins face-off versus Jordan Staal in Avalanche zone.
11:16 of 2nd period - Shot by Daniel Briere.
11:16 of 2nd period - Shot Hit the Post.
12:20 of 2nd period - Shot by Jarome Iginla.
12:20 of 2nd period - Stopped by Steve Mason without a rebound.
12:21 of 2nd period - Daymond Langkow wins face-off versus Joe Sakic in Avalanche zone.
12:31 of 2nd period - Owen Nolan is hit by Robyn Regehr and loses puck.
13:32 of 2nd period - Shot by Jarome Iginla.
13:32 of 2nd period - Stopped by Steve Mason with a rebound.
14:07 of 2nd period - Shot by Jordan Staal.
14:07 of 2nd period - Stopped by Jonathan Quick with a rebound.
14:11 of 2nd period - Shot by Jordan Staal.
14:11 of 2nd period - Stopped by Jonathan Quick without a rebound.
14:12 of 2nd period - Jordan Staal wins face-off versus Jerred Smithson in Blues zone.
14:25 of 2nd period - Shot by Jordan Staal.
14:25 of 2nd period - Deflect By Curtis Glencross.
14:25 of 2nd period - Shot Blocked by Stephane Yelle.
14:36 of 2nd period - Icing by Stephane Yelle.
14:37 of 2nd period - Chris Drury wins face-off versus Jerred Smithson in Blues zone.
14:42 of 2nd period - Shot by Drew Stafford.
14:42 of 2nd period - Shot Misses the Net.
14:44 of 2nd period - Shot by Steve Staios.
14:44 of 2nd period - Shot Misses the Net.
14:51 of 2nd period - Off-side.
14:52 of 2nd period - Wojtek Wolski wins face-off versus Matthew Lombardi in neutral zone.
15:35 of 2nd period - Minor Penalty to Dion Phaneuf for Cross-checking.
15:36 of 2nd period - Saku Koivu wins face-off versus Chris Drury in Blues zone.
17:23 of 2nd period - Shot by T.J. Oshie.
17:23 of 2nd period - Stopped by Jonathan Quick without a rebound.
17:24 of 2nd period - Chris Drury wins face-off versus Matthew Lombardi in Blues zone.
18:56 of 2nd period - Minor Penalty to Chris Kunitz for Hooking.
18:56 of 2nd period - Minor Penalty to T.J. Oshie for Hooking.
18:57 of 2nd period - Matthew Lombardi wins face-off versus Jordan Staal in neutral zone.
19:39 of 2nd period - Icing by Robyn Regehr.
19:40 of 2nd period - Matthew Lombardi wins face-off versus Chris Drury in Blues zone.

Period #3

0:01 of 3rd period - Saku Koivu wins face-off versus Daniel Alfredsson in neutral zone.
1:26 of 3rd period - Minor Penalty to Chris Kunitz for High sticking.
1:27 of 3rd period - Chris Drury wins face-off versus Matthew Lombardi in Blues zone.
1:48 of 3rd period - Icing by Kyle Quincey.
1:49 of 3rd period - Saku Koivu wins face-off versus Chris Drury in Avalanche zone.
2:31 of 3rd period - Icing by Joe Corvo.
2:32 of 3rd period - Joe Sakic wins face-off versus Matthew Lombardi in Avalanche zone.
3:22 of 3rd period - Icing by Jeff Finger.
3:23 of 3rd period - Chris Drury wins face-off versus Saku Koivu in Avalanche zone.
3:32 of 3rd period - Brian Pothier is hit by Curtis Glencross and loses puck.
3:44 of 3rd period - Off-side.
3:45 of 3rd period - Jerred Smithson wins face-off versus Jordan Staal in neutral zone.
3:59 of 3rd period - Shot by Petr Sykora.
3:59 of 3rd period - Shot Misses the Net.
4:01 of 3rd period - Shot by Jordan Staal.
4:01 of 3rd period - Stopped by Jonathan Quick without a rebound.
4:02 of 3rd period - Joe Sakic wins face-off versus Matthew Lombardi in Blues zone.
4:02 of 3rd period - Joe Sakic is hit by Milan Jurcina.
4:29 of 3rd period - Shot by Mike Comrie.
4:29 of 3rd period - Stopped by Steve Mason without a rebound.
4:30 of 3rd period - Jerred Smithson wins face-off versus Chris Drury in Avalanche zone.
4:34 of 3rd period - Minor Penalty to Kyle Quincey for Hooking.
4:35 of 3rd period - Saku Koivu wins face-off versus Jordan Staal in Avalanche zone.
5:18 of 3rd period - Shot by Dion Phaneuf.
5:18 of 3rd period - Stopped by Steve Mason without a rebound.
5:19 of 3rd period - Daniel Alfredsson wins face-off versus Matthew Lombardi in Avalanche zone.
5:32 of 3rd period - Shot by Marek Svatos.
5:32 of 3rd period - Shot Misses the Net.
6:28 of 3rd period - Shot by Scott Niedermayer.
6:28 of 3rd period - Shot Misses the Net.
6:32 of 3rd period - Shot by Saku Koivu.
6:32 of 3rd period - Shot Misses the Net.
7:26 of 3rd period - Icing by Steve Staios.
7:27 of 3rd period - Jerred Smithson wins face-off versus Chris Drury in Avalanche zone.
7:43 of 3rd period - Minor Penalty to Kyle Quincey for Hooking.
7:44 of 3rd period - Jordan Staal wins face-off versus Jarome Iginla in Avalanche zone.
7:56 of 3rd period - Jordan Staal is hit by Chris Kunitz and loses puck.
9:19 of 3rd period - Shot by Mike Comrie.
9:19 of 3rd period - Stopped by Steve Mason without a rebound.
9:20 of 3rd period - Matthew Lombardi wins face-off versus Jordan Staal in Avalanche zone.
10:07 of 3rd period - Shot by Owen Nolan.
10:07 of 3rd period - Deflect By Joe Sakic.
10:07 of 3rd period - Shot Misses the Net.
10:45 of 3rd period - Shot by Jussi Jokinen.
10:45 of 3rd period - Stopped by Steve Mason with a rebound.
10:49 of 3rd period - Shot by Matthew Lombardi.
10:49 of 3rd period - Stopped by Steve Mason with a rebound.
11:45 of 3rd period - Daniel Alfredsson is hit by Chris Kunitz and loses puck.
12:37 of 3rd period - Brian Lee is hit by Milan Jurcina and loses puck.
12:41 of 3rd period - Steve Staios is hit by Milan Jurcina and loses puck.
12:51 of 3rd period - Petr Sykora is hit by Milan Jurcina and loses puck.
13:17 of 3rd period - Icing by Matthew Lombardi.
13:18 of 3rd period - Jussi Jokinen wins face-off versus Wojtek Wolski in Blues zone.
13:33 of 3rd period - Minor Penalty to Hal Gill for Roughing.
13:34 of 3rd period - Saku Koivu wins face-off versus Jordan Staal in Blues zone.
14:25 of 3rd period - Shot by Drew Stafford.
14:25 of 3rd period - Shot Blocked by Robyn Regehr.
14:27 of 3rd period - Shot by Daniel Briere.
14:27 of 3rd period - Stopped by Jonathan Quick without a rebound.
14:28 of 3rd period - Joe Sakic wins face-off versus Kristian Huselius in Blues zone.
14:41 of 3rd period - Shot by T.J. Oshie.
14:41 of 3rd period - Deflect By Owen Nolan.
14:41 of 3rd period - Shot Blocked by Chris Kunitz.
14:45 of 3rd period - Shot by Steve Staios.
14:45 of 3rd period - Stopped by Jonathan Quick without a rebound.
14:46 of 3rd period - Chris Drury wins face-off versus Saku Koivu in Blues zone.
15:19 of 3rd period - Icing by Joe Corvo.
15:20 of 3rd period - Chris Drury wins face-off versus Saku Koivu in Avalanche zone.
16:45 of 3rd period - Daniel Briere is hit by Hal Gill and loses puck.
17:11 of 3rd period - Marek Svatos is hit by Jeff Finger and loses puck.
17:30 of 3rd period - Shot by Matthew Lombardi.
17:30 of 3rd period - Stopped by Steve Mason without a rebound.
17:31 of 3rd period - Matthew Lombardi wins face-off versus Joe Sakic in Avalanche zone.
17:31 of 3rd period - Mike Comrie is hit by Tim Gleason and loses puck.
17:51 of 3rd period - Shot by T.J. Oshie.
17:51 of 3rd period - Stopped by Jonathan Quick without a rebound.
17:52 of 3rd period - Saku Koivu wins face-off versus Joe Sakic in Blues zone.
17:54 of 3rd period - Icing by Jarome Iginla.
17:55 of 3rd period - Kristian Huselius wins face-off versus Joe Sakic in Blues zone.
18:04 of 3rd period - Shot by Jarome Iginla.
18:04 of 3rd period - Shot Blocked by Joe Corvo.
18:06 of 3rd period - Shot by Dion Phaneuf.
18:06 of 3rd period - Stopped by Steve Mason without a rebound.
18:07 of 3rd period - Joe Sakic wins face-off versus Chris Kunitz in Avalanche zone.
18:09 of 3rd period - Minor Penalty to Marek Svatos for Hooking.
18:10 of 3rd period - Saku Koivu wins face-off versus Joe Sakic in Blues zone.
18:21 of 3rd period - Shot by Joe Sakic.
18:21 of 3rd period - Deflect By Daniel Alfredsson.
18:21 of 3rd period - Shot Misses the Net.
18:40 of 3rd period - Icing by Joe Corvo.
18:41 of 3rd period - Joe Sakic wins face-off versus Saku Koivu in Avalanche zone.
19:05 of 3rd period - Icing by Steve Staios.
19:06 of 3rd period - Matthew Lombardi wins face-off versus Chris Drury in Avalanche zone.
19:06 of 3rd period - Matthew Lombardi is hit by Steve Staios.
19:40 of 3rd period - Icing by Curtis Glencross.
19:41 of 3rd period - Saku Koivu wins face-off versus Joe Sakic in Avalanche zone.


Output by the SimonT Hockey Simulator (STHS) for Stephane Roy -- Original Page W3C XHTML 1.0 Valid